 Dungeon Crawl Stone Soup version 0.26.1-11-gd32895ea62 (webtiles) character file.

Game seed: 12325340605903176650

82 Silvore the Slasher (level 4, -1/34 HPs)
             Began as a Demonspawn Gladiator on June 28, 2021.
             Killed from afar by Sigmund (8 damage)
             ... with a puff of flame
             ... on level 2 of the Dungeon.
             The game lasted 00:04:41 (2469 turns).

Silvore the Slasher (Demonspawn Gladiator)          Turns: 2469, Time: 00:04:41

Health: -1/34      AC:  9    Str: 16    XL:     4   Next: 21%
Magic:  4/4        EV: 10    Int:  9    God:
Gold:   85         SH:  3    Dex: 14    Spells: 3/3 levels left

rFire    . . .     SeeInvis .   a - +0 long sword
rCold    . . .     Faith    .   k - +0 buckler
rNeg     . . .     Spirit   .   h - +0 scale mail
rPois    .         Reflect  .   (helmet restricted)
rElec    .         Harm     .   (no cloak)
rCorr    .         Rampage  .   (no gloves)
Will     .....                  f - +0 pair of boots
Stlth    ..........             (no amulet)
HPRegen  0.11/turn              (no ring)
MPRegen  0.09/turn              (no ring)

@: flying
A: horns 1, slimy green scales 1
a: no special abilities


You were on level 2 of the Dungeon.
You visited 1 branch of the dungeon, and saw 2 of its levels.

You collected 85 gold pieces.

Inventory:

Hand Weapons
 a - a +0 long sword (weapon)
Missiles
 d - 3 throwing nets (quivered)
Armour
 b - a +0 leather armour
 c - a +0 helmet
 f - a +0 pair of boots (worn)
 h - a +0 scale mail (worn)
 k - a +0 buckler (worn)
 p - a +0 chain mail
Jewellery
 m - an uncursed ring of ice
Scrolls
 e - 3 scrolls of remove curse
 o - a scroll of fear
 q - a scroll of immolation
Potions
 g - a potion of heal wounds {unknown}
 i - a potion of flight
 j - a potion of curing {unknown}
 l - a potion of might {unknown}
 n - a potion of lignification {unknown}


   Skills:
 + Level 2.4 Fighting
 + Level 3.8 Long Blades
 + Level 1.7 Throwing
 + Level 1.0 Armour
 + Level 3.0 Dodging
 + Level 0.3 Stealth
 + Level 0.3 Shields


You had 3 spell levels left.
You didn't know any spells.
Your spell library was empty.

Dungeon Overview and Level Annotations

Branches:
Dungeon (2/15)

Altars:

Annotations:
D:2 Sigmund


Innate Abilities, Weirdness & Mutations

You have a pair of small horns on your head.
You are partially covered in slimy green scales. (AC +2)


Message History

Cornered, the giant cockroach turns to fight!
You hit the giant cockroach.
Flame seeps out of the giant cockroach.
The giant cockroach is almost dead.
The giant cockroach is engulfed in blazing flames.
The giant cockroach explodes!
The fiery explosion engulfs you!
You hear some strange, mumbled words.
A puff of flame appears from out of thin air!
The puff of flame hits you. Something hits you!
* * * LOW HITPOINT WARNING * * *
You see here a ball python corpse.
You hear some strange, mumbled words.
Something tries to affect you, but you resist.
It was a potion of flight.
You feel very buoyant.
You fly up into the air.
A puff of flame appears from out of thin air!
The puff of flame hits you!
You die...

#.#.# ###...##
#.#.# #...# ###.#.#
##.## ###.....# #.#
#.......# #.#
#.....>.# #.#
#.......# #.#
##......# #.#
#@##.### #.# #.##.#
#.# #.##.# #.#
#{##.# #.#
#.##.#########.#
#.##...........#
##.############.###
#.†# #######....
#.## ......>.###


There were no monsters in sight!

Vanquished Creatures
  An adder (D:2)
  An ufetubus (D:2)
  An adder zombie (D:2)
  3 worms (D:2)
  3 dart slugs (D:1)
  5 bats
  4 giant cockroaches
  3 goblins
  7 hobgoblins
  2 jackals (D:1)
  A ball python (D:2)
  5 frilled lizards
  9 kobolds
  4 rats
49 creatures vanquished.

Notes
Turn   | Place    | Note
-------+----------+-------------------------------------------
     0 | D:1      | Silvore the Demonspawn Gladiator began the quest for the
                  | Orb.
     0 | D:1      | Reached XP level 1. HP: 16/16 MP: 1/1
    76 | D:1      | Gained mutation: You are partially covered in slimy green
                  | scales. (AC +2) [demonic ancestry]
    76 | D:1      | Reached XP level 2. HP: 6/22 MP: 2/2
   834 | D:1      | Reached XP level 3. HP: 25/27 MP: 3/3
  1975 | D:2      | Gained mutation: You have a pair of small horns on your
                  | head. [demonic ancestry]
  1975 | D:2      | Reached XP level 4. HP: 13/34 MP: 4/4
  2403 | D:2      | Reached skill level 1 in Armour
  2437 | D:2      | Noticed Sigmund
  2469 | D:2      | Killed from afar by Sigmund

Illustrated notes

Levels and vault maps discovered:
D:1:      dpeg_arrival_rooms_with_view, layout_basic
D:2:      layout_loops_ring, uniq_sigmund

Skill      XL: |  1  2  3  4 |
---------------+-------------+-----
Long Blades    | 3 |  3.8
Dodging        | 3 |  3.0
Armour         | 1 |  1.0
Fighting       | |  2.4
Throwing       | |  1.7
Stealth        | |  0.3
Shields        | |  0.3

Action                   |  1- 3 |  4- 6 || total
-------------------------+-------+-------++-------
Melee: Long sword        |   139 |    22 ||   161
       Headbutt          |       |     4 ||     4
  Use: Scroll            |     2 |     4 ||     6
       Potion            |       |     1 ||     1
 Stab: Sleeping          |     1 |       ||     1
Armor: Leather armour    |    19 |       ||    19
       Scale mail        |    77 |    11 ||    88
Dodge: Dodged            |    94 |     9 ||   103
Block: Buckler           |    23 |     3 ||    26
       Rpst.: Long sword |    29 |     4 ||    33
